 Dungeon Crawl Stone Soup version 0.22-a0-422-g9628fc8 (webtiles) character file.

47 Borgoz the Skirmisher (level 3, -2/24 HPs)
             Began as a Gargoyle Abyssal Knight on May 19, 2018.
             Was a Follower of Lugonu.
             Killed from afar by an orc wizard (4 damage)
             ... with a magic dart
             ... on level 2 of the Dungeon.
             The game lasted 00:01:54 (753 turns).

Borgoz the Skirmisher (Gargoyle Abyssal Knight)      Turns: 753, Time: 00:01:55

Health: -2/24      AC:  6    Str: 15    XL:     3   Next: 70%
Magic:  4/4        EV: 11    Int: 12    God:    Lugonu [*.....]
Gold:   78         SH:  0    Dex: 10    Spells: 2/2 levels left

rFire    . . .     SeeInvis .   a - +1 hand axe
rCold    . . .     Gourm    .   (no shield)
rNeg     + . .     Faith    .   b - +0 leather armour
rPois    ∞         Spirit   .   (no helmet)
rElec    +         Reflect  .   (no cloak)
rCorr    .         Harm     .   (no gloves)
MR       .....                  (no boots)
Stlth    +.........             (no amulet)
HPRegen  0.08/turn              (no ring)
MPRegen  0.09/turn              (no ring)

@: slowed, very slow
A: negative energy resistance 1, electricity resistance, unbreathing,
petrification resistance, rot immunity, AC +3
a: Depart the Abyss, Renounce Religion


You were on level 2 of the Dungeon.
You worshipped Lugonu.
Lugonu was aware of your devotion.
You were not hungry.

You visited 1 branch of the dungeon, and saw 2 of its levels.
You visited the Abyss 1 time.

You collected 78 gold pieces.

Inventory:

Hand Weapons
 a - a +1 hand axe (weapon)
Armour
 b - a +0 leather armour (worn)
Scrolls
 d - 4 scrolls of teleportation
 h - a scroll of immolation {unknown}
 i - a scroll of enchant armour {unknown}
Comestibles
 c - 4 rations
 f - a chunk of flesh


   Skills:
 + Level 4.2 Fighting
 + Level 2.4 Axes
 + Level 2.4 Armour
 + Level 0.8 Dodging
 + Level 2.3 Invocations


You had 2 spell levels left.
You didn't know any spells.
Your spell library was empty.

Dungeon Overview and Level Annotations

Branches:
Dungeon (2/15)

Altars:


Innate Abilities, Weirdness & Mutations

You are resistant to torment.
Your stone body is resilient. (AC +3)
You are immune to poison.
You resist negative energy. (rN+)
You are resistant to electric shocks. (rElec)
You can survive without breathing.
You are immune to petrification.
You are immune to rotting.


Message History

You feel yourself slow down. The hobgoblin barely misses you.
The orc priest mumbles some strange prayers to Beogh against you.
Beogh smites you!
Ouch! That really hurt!
* * * LOW HITPOINT WARNING * * *
The orc wizard mumbles some strange words.
The orc wizard seems to speed up.
The orc wizard gestures wildly while chanting.
The orc wizard blinks!
You aren't carrying any potions.
The hobgoblin barely misses you.
The orc wizard mumbles some strange words.
The orc wizard seems to speed up.
The orc wizard casts a spell at you.
You feel as though you will be slow longer.
The hobgoblin hits you with a club.
* * * LOW HITPOINT WARNING * * *
The orc wizard casts a spell at you. The magic dart hits you!
You die...

#.# #. #.# ## #. #. #.# ..##.
#. #.# #.##. #. ##.## #.###
#.###...##### #.# #
#.#.........# #.#
#.#.#.#...###.# #.###
##########.#.#.#@##.## #.#
#.... .......s.......g.##.#
##.## #.###
...........###...##.###...###.#
############ #...##...........#
#...######...###.#
##)o>............#
#o.############## #..# #o§#


You could see 2 orc wizards and a hobgoblin.

Vanquished Creatures
  A shadow imp (Abyss:1)
  An ooze (D:1)
  A dart slug (D:1)
  An orc (D:2)
  A ball python (D:2)
  5 bats
  A giant cockroach (D:2)
  3 goblins (D:1)
  2 hobgoblins (D:1)
  3 jackals (D:1)
  5 kobolds
  4 frilled lizards
  3 rats (D:1)
31 creatures vanquished.

Notes
Turn   | Place    | Note
-------+----------+-------------------------------------------
     0 | Abyss:1  | Borgoz the Gargoyle Abyssal Knight began the quest for the Orb.
     0 | Abyss:1  | Reached XP level 1. HP: 14/14 MP: 2/2
    55 | Abyss:1  | Reached XP level 2. HP: 19/19 MP: 3/3
    55 | Abyss:1  | Noticed a small abomination
    57 | D:1      | Escaped the Abyss
   163 | D:1      | Reached * piety under Lugonu
   338 | D:1      | Reached skill level 4 in Fighting
   338 | D:1      | Reached XP level 3. HP: 20/24 MP: 4/4
   753 | D:2      | Killed from afar by an orc wizard

Vault maps used:
D:1:      dpeg_arrival_chase
D:2:      nicolae_ru_the_path_less_chosen, chequers_ecumenical_altar_twisty,
          uniq_robin

Skill      XL: |  1  2 |
---------------+-------+-----
Axes           | 2 |  2.4
Fighting       | 4 |  4.2
Armour         | |  2.4
Dodging        | |  0.8
Invocations    | |  2.3

Action                   || total
-------------------------++-------
Melee: Hand axe          ||    99
Invok: Depart the Abyss  ||     1
  Use: Potion            ||     2
       Scroll            ||     1
Armor: Leather armour    ||    72
Dodge: Dodged            ||    91

Table legend:
 A = Spawn XP
 B = Non-spawn XP
 C = Spawn XP percentage of total XP
 D = Spawn monster count
 E = Non-spawn monster count
 F = Spawn count percentage of total count
 G = Total turns spent on level
                    A         B        C        D         E        F      G
               +---------+---------+-------+---------+---------+-------+---------
         Total |       0 |      68 |   0.0 |       0 |      31 |   0.0 |   753
               +---------+---------+-------+---------+---------+-------+---------
           D:1 |       0 |      45 |   0.0 |       0 |      24 |   0.0 |   588
           D:2 |       0 |      12 |   0.0 |       0 |       6 |   0.0 |   108
       Abyss:1 |       0 |      11 |   0.0 |       0 |       1 |   0.0 |    57
               +---------+---------+-------+---------+---------+-------+---------
